Eagles vs Little Stars

Created - December 1, 2022 at 19:00

Goals
1 2 3 OT1 SO T
Eagles 0 1 0 0 2 2
Little Stars 0 0 1 0 0 1
Shots
1 2 3 OT1 SO T
Eagles 10 11 17 2 3 40
Little Stars 4 7 16 1 2 28

1st period

No Goal

Penalties :
Tucker Poolman (Tex) for Hooking (Minor) at 14:06, Matt Luff (Tex) for Hooking (Minor) at 17:44

2nd period

1. Eagles , Jared McCann 6 (Michael Carcone 5, Jarred Tinordi 8) at 11:55

Penalties :
Connor Carrick (Col) for Hooking (Minor) at 4:13, Jonathan Racine (Col) for Goalie Interference (Minor) at 14:53

3rd period

2. Little Stars , Roman Horak 3 (Michael Mersch 2) at 11:54

Penalties :
Jonathan Marchessault (Col) for Hooking (Minor) at 0:42, Matt Luff (Tex) for Tripping (Minor) at 3:07, Max Lajoie (Col) for Interference (Minor) at 15:46

Overtime #1

No Goal

Penalties :
No Penalty

Shootout

Eagles, Nick Cousins - Goal!
Little Stars, Jordan LaVallee - Stopped by Antoine Bibeau
Eagles, Jonathan Marchessault - Stopped by Michael Houser
Little Stars, Ilya Mikheyev - Shot Misses the Net
Eagles, Drake Caggiula - Goal!

Penalties :
No Penalty

Goalie Stats

Antoine Bibeau (Col), 27 saves from 28 shots - (0.964), W, 3-1-1, 65:00 minutes
Michael Houser (Tex), 39 saves from 40 shots - (0.975), OTL, 0-6-2, 65:00 minutes

Players Stats for Eagles

Player Name              G  A  P  +/- PIM S  H  SB GA TA FO     MP     PP MP  PK MP  
------------------------------------------------------------------------------------
Anthony Duclair          0  0  0   0  0   5  2  0  0  0  1/1    21:55   2:59   3:03 
Connor Carrick           0  0  0   0  2   3  1  0  0  0  0/0    26:32   3:20   2:57 
Drake Caggiula           0  0  0   0  0   3  4  0  0  0  8/9    19:05   2:46   2:07 
Jared McCann             1  0  1   1  0   2  0  0  0  0  1/1     6:17   0:00   0:00 
Jarred Tinordi           0  1  1   0  0   2  2  2  0  3  0/0    31:15   3:20   4:03 
John Ramage              0  0  0   0  0   2  1  4  0  1  0/0    23:35   2:37   3:53 
Jonathan Marchessault    0  0  0   0  2   2  1  2  0  1  15/33  23:03   3:07   3:08 
Jonathan Racine          0  0  0   0  2   0  3  0  0  1  0/0    21:35   2:37   2:14 
Joseph Blandisi          0  0  0   0  0   2  1  0  2  0  0/0    14:42   0:00   1:17 
Keaton Middleton         0  0  0   0  0   1  0  1  0  0  0/0    11:31   0:00   1:01 
Matteson Iacopelli       0  0  0   0  0   4  0  0  0  0  0/1    16:10   2:46   0:00 
Max Lajoie               0  0  0   0  2   0  0  1  0  0  0/0     5:25   0:00   1:44 
Michael Carcone          0  1  1   1  0   1  1  0  0  0  0/0     6:25   0:00   0:08 
Nick Cousins             0  0  0   0  0   1  2  1  0  0  5/10   24:17   3:07   4:21 
Pius Suter               0  0  0  -1  0   3  0  0  0  0  1/2    13:42   0:16   0:00 
Sam Steel                0  0  0   1  0   4  0  0  0  0  0/0     8:11   0:04   0:00 
Tyler Motte              0  0  0  -1  0   4  2  0  0  0  0/0    14:10   2:46   0:00 
Xavier Ouellet           0  0  0   0  0   0  0  0  0  0  0/0    10:10   0:00   0:00 
Zach Aston-Reese         0  0  0  -1  0   1  2  0  1  0  5/8    14:00   0:00   1:48 

Players Stats for Little Stars

Player Name              G  A  P  +/- PIM S  H  SB GA TA FO     MP     PP MP  PK MP  
------------------------------------------------------------------------------------
Adam Tambellini          0  0  0   0  0   1  0  1  0  0  0/1    19:49   2:54   2:38 
Alex Belzile             0  0  0   0  0   0  0  0  0  0  0/1    15:32   2:54   0:00 
Anton Cederholm          0  0  0   0  0   1  2  4  2  1  0/0    30:50   5:42   2:52 
Connor Mackey            0  0  0   0  0   0  0  1  0  0  0/0    12:54   0:00   1:04 
Daniel O'regan           0  0  0   0  0   1  4  2  0  0  17/25  22:23   5:00   1:08 
Emile Poirier            0  0  0   0  0   0  0  0  0  0  0/1     2:01   0:02   0:22 
Eric Knodel              0  0  0   0  0   2  2  1  0  0  0/0    27:14   5:42   2:42 
Filip Chytil             0  0  0   0  0   0  0  0  0  0  0/0     1:06   0:00   1:02 
Frederic Allard          0  0  0   0  0   0  0  1  0  0  0/0    11:46   0:00   0:00 
Givani Smith             0  0  0   0  0   0  0  0  0  0  0/0     0:00   0:00   0:00 
Henrik Borgstrom         0  0  0   0  0   3  3  0  1  0  6/18   15:32   2:54   0:00 
Ilya Mikheyev            0  0  0   0  0   8  1  0  0  0  2/2    25:05   5:00   2:35 
Jason Dickinson          0  0  0  -1  0   2  1  0  0  0  2/4    10:27   0:00   0:00 
Joakim Nygard            0  0  0  -1  0   2  0  0  0  0  0/0    10:27   0:00   0:00 
Jonathan Dahlen          0  0  0   0  0   0  0  0  0  0  0/0     0:00   0:00   0:00 
Jordan LaVallee          0  0  0   0  0   4  3  1  3  0  1/8    25:01   5:00   2:31 
Justin Auger             0  0  0   1  0   0  0  0  0  0  0/0     7:44   0:02   0:00 
Lawrence Pilut           0  0  0   0  0   0  1  0  0  0  0/0     4:01   0:00   0:31 
Matt Luff                0  0  0  -1  4   0  0  0  0  0  0/0    10:29   0:00   0:00 
Michael Mersch           0  1  1   1  0   0  0  0  0  0  0/2     7:26   0:00   0:00 
Radel Fazleev            0  0  0   0  0   0  0  0  0  0  0/1     1:56   0:00   1:38 
Roman Horak              1  0  1   1  0   2  1  0  0  0  1/2     7:26   0:00   0:00 
Shane Gersich            0  0  0   0  0   0  0  0  0  0  0/0     1:25   0:02   0:00 
Tucker Poolman           0  0  0   0  2   1  4  1  0  1  0/0    21:15   2:14   1:49 
Ville Pokka              0  0  0   0  0   1  2  3  0  1  0/0    22:11   2:14   2:56 

3 Stars

1 - Michael Houser (Tex)
2 - Antoine Bibeau (Col)
3 - Jared McCann (Col)

Power Play

Eagles - 0 on 3 Attempt(s) - 0.00%
Little Stars - 0 on 4 Attempt(s) - 0.00%

Penalty Kill

Eagles - 4 on 4 Attempt(s) - 100.00% - Score 0 goal in Penalty Kill
Little Stars - 3 on 3 Attempt(s) - 100.00% - Score 0 goal in Penalty Kill

Team Stat

Eagles - Hits : 22 - Faceoff Wins : 36 - Blocked Shots : 11 - Penalty Minutes : 8
Little Stars - Hits : 24 - Faceoff Wins : 29 - Blocked Shots : 15 - Penalty Minutes : 6

Official

Referees : Graham Skilliter and TJ Luxmore
Linesman : Julien Fournier and Pierre Racicot

Game Notes

No Game Note

Finance

Level 1 -- Attendance: 1752 (87.60%) -- Ticket Income $61,320
Level 2 -- Attendance: 857 (85.70%) -- Ticket Income $12,855
Total Attendance: 2609 (86.97%)
Total Ticket Income: $74,175
Other Income: $3,709
Total Income: $77,884

Eagles

5 vs 5 Forward 
   Center                   Left Wing                Right Wing               Time % Phy DF OF 
 1 Jonathan Marchessault    Anthony Duclair          Nick Cousins             40     1   2  2  
 2 Drake Caggiula           Joseph Blandisi          Matteson Iacopelli       30     1   2  2  
 3 Zach Aston-Reese         Tyler Motte              Pius Suter               20     1   2  2  
 4 Jared McCann             Michael Carcone          Sam Steel                10     1   2  2  

5 vs 5 Defense 
   Defense                  Defense                                           Time % Phy DF OF 
 1 Jarred Tinordi           Connor Carrick                                    40     1   2  2  
 2 John Ramage              Jonathan Racine                                   30     1   2  2  
 3 Xavier Ouellet           Keaton Middleton                                  20     1   2  2  
 4 Max Lajoie               Jarred Tinordi                                    10     1   2  2  

PowerPlay Forward 
   Center                   Left Wing                Right Wing               Time % Phy DF OF 
 1 Jonathan Marchessault    Anthony Duclair          Nick Cousins             60     1   2  2  
 2 Drake Caggiula           Tyler Motte              Matteson Iacopelli       40     1   2  2  

PowerPlay Defense
   Defense                  Defense                                           Time % Phy DF OF 
 1 Jarred Tinordi           Connor Carrick                                    60     1   2  2  
 2 John Ramage              Jonathan Racine                                   40     1   2  2  

Penalty Kill 4 Players Forward 
   Center                   Wing                     Time % Phy DF OF 
 1 Nick Cousins             Jonathan Marchessault    60     1   2  2  
 2 Drake Caggiula           Anthony Duclair          40     1   2  2  

Penalty Kill 4 Players Defense
   Defense                  Defense                  Time % Phy DF OF 
 1 Jarred Tinordi           Connor Carrick           60     1   2  2  
 2 John Ramage              Jonathan Racine          40     1   2  2  

Penalty Kill - 3 Players Forward 
   Forward                                           Time % Phy DF OF 
 1 Nick Cousins                                      60     1   2  2  
 2 Jonathan Marchessault                             40     1   2  2  

Penalty Kill - 3 Players Defense
   Defense                  Defense                  Time % Phy DF OF 
 1 Jarred Tinordi           Connor Carrick           60     1   2  2  
 2 John Ramage              Jonathan Racine          40     1   2  2  

4 vs 4 Forward 
   Center                   Wing                     Time % Phy DF OF 
 1 Nick Cousins             Jonathan Marchessault    60     1   2  2  
 2 Drake Caggiula           Anthony Duclair          40     1   2  2  

4 vs 4 Defense
   Defense                  Defense                  Time % Phy DF OF 
 1 Jarred Tinordi           Connor Carrick           60     1   2  2  
 2 John Ramage              Jonathan Racine          40     1   2  2  

Last Minutes Offensive
   Center                   Left Wing                Right Wing               Defense                  Defense                  
   Jonathan Marchessault    Anthony Duclair          Nick Cousins             Jarred Tinordi           Connor Carrick           

Last Minutes Defensive
   Center                   Left Wing                Right Wing               Defense                  Defense                  
   Jonathan Marchessault    Anthony Duclair          Nick Cousins             Jarred Tinordi           Connor Carrick           

Goaltenders
Starting : Antoine Bibeau           
Backup : Adin Hill                

Extra Forwards
Normal : Pius Suter, Sam Steel, Zach Aston-Reese - PP : Pius Suter, Sam Steel - PK : Zach Aston-Reese
Extra Defensemen
Normal : Xavier Ouellet, Keaton Middleton, Max Lajoie - PP : Xavier Ouellet - PK : Keaton Middleton, Max Lajoie
Penalty Shots
Nick Cousins, Jonathan Marchessault, Drake Caggiula, Anthony Duclair, Zach Aston-Reese

Scratches
Chris Calhan (Healthy), Dominik Kubalik (Healthy), Mark Friedman (Healthy), Michael Dal Colle (Healthy), Ryan Murphy (Healthy)
Gabriel Vilardi (Healthy), Pascal Laberge (Healthy), Marian Studenic (Healthy), Walker Duehr (Healthy)

Little Stars

5 vs 5 Forward 
   Center                   Left Wing                Right Wing               Time % Phy DF OF 
 1 Daniel O'regan           Jordan LaVallee          Ilya Mikheyev            40     1   2  2  
 2 Henrik Borgstrom         Adam Tambellini          Alex Belzile             30     1   2  2  
 3 Jason Dickinson          Joakim Nygard            Matt Luff                20     1   2  2  
 4 Roman Horak              Michael Mersch           Justin Auger             10     1   2  2  

5 vs 5 Defense 
   Defense                  Defense                                           Time % Phy DF OF 
 1 Anton Cederholm          Eric Knodel                                       40     1   2  2  
 2 Tucker Poolman           Ville Pokka                                       30     1   2  2  
 3 Frederic Allard          Connor Mackey                                     20     1   2  2  
 4 Lawrence Pilut           Anton Cederholm                                   10     1   2  2  

PowerPlay Forward 
   Center                   Left Wing                Right Wing               Time % Phy DF OF 
 1 Daniel O'regan           Jordan LaVallee          Ilya Mikheyev            60     1   2  2  
 2 Henrik Borgstrom         Adam Tambellini          Alex Belzile             40     1   2  2  

PowerPlay Defense
   Defense                  Defense                                           Time % Phy DF OF 
 1 Anton Cederholm          Eric Knodel                                       60     1   2  2  
 2 Tucker Poolman           Ville Pokka                                       40     1   2  2  

Penalty Kill 4 Players Forward 
   Center                   Wing                     Time % Phy DF OF 
 1 Jordan LaVallee          Ilya Mikheyev            60     1   2  2  
 2 Adam Tambellini          Daniel O'regan           40     1   2  2  

Penalty Kill 4 Players Defense
   Defense                  Defense                  Time % Phy DF OF 
 1 Anton Cederholm          Eric Knodel              60     1   2  2  
 2 Tucker Poolman           Ville Pokka              40     1   2  2  

Penalty Kill - 3 Players Forward 
   Forward                                           Time % Phy DF OF 
 1 Jordan LaVallee                                   60     1   2  2  
 2 Ilya Mikheyev                                     40     1   2  2  

Penalty Kill - 3 Players Defense
   Defense                  Defense                  Time % Phy DF OF 
 1 Anton Cederholm          Eric Knodel              60     1   2  2  
 2 Tucker Poolman           Ville Pokka              40     1   2  2  

4 vs 4 Forward 
   Center                   Wing                     Time % Phy DF OF 
 1 Jordan LaVallee          Ilya Mikheyev            60     1   2  2  
 2 Adam Tambellini          Daniel O'regan           40     1   2  2  

4 vs 4 Defense
   Defense                  Defense                  Time % Phy DF OF 
 1 Anton Cederholm          Eric Knodel              60     1   2  2  
 2 Tucker Poolman           Ville Pokka              40     1   2  2  

Last Minutes Offensive
   Center                   Left Wing                Right Wing               Defense                  Defense                  
   Daniel O'regan           Jordan LaVallee          Ilya Mikheyev            Anton Cederholm          Eric Knodel              

Last Minutes Defensive
   Center                   Left Wing                Right Wing               Defense                  Defense                  
   Daniel O'regan           Jordan LaVallee          Ilya Mikheyev            Anton Cederholm          Eric Knodel              

Goaltenders
Starting : Michael Houser           
Backup : Connor Knapp             

Extra Forwards
Normal : Emile Poirier, Shane Gersich, Radel Fazleev - PP : Emile Poirier, Shane Gersich - PK : Radel Fazleev
Extra Defensemen
Normal : Frederic Allard, Connor Mackey, Lawrence Pilut - PP : Frederic Allard - PK : Connor Mackey, Lawrence Pilut
Penalty Shots
Jordan LaVallee, Ilya Mikheyev, Adam Tambellini, Daniel O'regan, Henrik Borgstrom

Scratches
Jean-Christophe Beaudin (Healthy), Reece Willcox (Right Hand Injury), Rudolfs Balcers (Healthy), Yakov Trenin (Healthy), Joey Anderson (Healthy)
Danil Tarasov (Healthy)

% Time on Ice - Eagles

Lines # - Real PCT - Wanted PCT - Time Play
Normal Forward
1 - 32% - 40% - 14:52
2 - 29% - 30% - 13:25
3 - 25% - 20% - 11:33
4 - 14% - 10% - 6:17
Normal Defense
1 - 39% - 40% - 17:52
2 - 31% - 30% - 14:28
3 - 22% - 20% - 10:10
4 - 8% - 10% - 3:37
PP Forward
1 - 54% - 60% - 3:11
2 - 46% - 40% - 2:46
PP Defense
1 - 56% - 60% - 3:20
2 - 44% - 40% - 2:37
PK Forward
1 - 86% - 60% - 6:48
2 - 14% - 40% - 1:08
PK Defense
1 - 56% - 60% - 4:25
2 - 44% - 40% - 3:31
PK3 Forward
1 - 0% - 60%
2 - 0% - 40%
PK3 Defense
1 - 0% - 60%
2 - 0% - 40%
44 Forward
1 - 90% - 60% - 4:31
2 - 10% - 40% - 0:29
44 Defense
1 - 54% - 60% - 2:43
2 - 46% - 40% - 2:17
Last Minute Offensive  - 0:00
Last Minute Defensive  - 0:00
Total
Forward - 65:00
Defense - 65:00

% Time on Ice - Little Stars

Lines # - Real PCT - Wanted PCT - Time Play
Normal Forward
1 - 33% - 40% - 15:26
2 - 28% - 30% - 12:48
3 - 23% - 20% - 10:27
4 - 16% - 10% - 7:26
Normal Defense
1 - 35% - 40% - 16:17
2 - 33% - 30% - 15:06
3 - 25% - 20% - 11:30
4 - 7% - 10% - 3:14
PP Forward
1 - 63% - 60% - 5:02
2 - 37% - 40% - 2:54
PP Defense
1 - 72% - 60% - 5:42
2 - 28% - 40% - 2:14
PK Forward
1 - 81% - 60% - 4:49
2 - 19% - 40% - 1:08
PK Defense
1 - 48% - 60% - 2:51
2 - 52% - 40% - 3:06
PK3 Forward
1 - 0% - 60%
2 - 0% - 40%
PK3 Defense
1 - 0% - 60%
2 - 0% - 40%
44 Forward
1 - 73% - 60% - 3:39
2 - 27% - 40% - 1:21
44 Defense
1 - 58% - 60% - 2:53
2 - 42% - 40% - 2:07
Last Minute Offensive  - 0:00
Last Minute Defensive  - 0:00
Total
Forward - 65:00
Defense - 65:00

Play-by-Play

1st period


0:01 of 1st period - Daniel O'regan wins face-off versus Jonathan Marchessault in neutral zone.
1:09 of 1st period - Tucker Poolman is hit by Jonathan Racine and loses puck.
1:28 of 1st period - Nick Cousins is hit by Tucker Poolman and loses puck.
1:55 of 1st period - Wrist shot by Drake Caggiula.
1:55 of 1st period - Stopped by Michael Houser with a rebound.
1:57 of 1st period - Snap shot by Joseph Blandisi.
1:57 of 1st period - Shot Blocked by Adam Tambellini.
3:07 of 1st period - Drake Caggiula is hit by Tucker Poolman and loses puck.
3:16 of 1st period - Snap shot by Joakim Nygard.
3:16 of 1st period - Stopped by Antoine Bibeau without a rebound.
3:17 of 1st period - Jordan LaVallee wins face-off versus Jonathan Marchessault in Eagles zone.
3:29 of 1st period - Snap shot by Jordan LaVallee.
3:29 of 1st period - Stopped by Antoine Bibeau with a rebound.
3:31 of 1st period - Snap shot by Daniel O'regan.
3:31 of 1st period - Shot Misses the Net.
3:54 of 1st period - Snap shot by Joseph Blandisi.
3:54 of 1st period - Deflect By Matteson Iacopelli.
3:54 of 1st period - Stopped by Michael Houser with a rebound.
4:33 of 1st period - Snap shot by Jordan LaVallee.
4:33 of 1st period - Shot Misses the Net.
4:35 of 1st period - Wrist shot by Jordan LaVallee.
4:35 of 1st period - Stopped by Antoine Bibeau with a rebound.
5:11 of 1st period - Wrist shot by Joseph Blandisi.
5:11 of 1st period - Shot Misses the Net.
5:13 of 1st period - Slapshot by Keaton Middleton.
5:13 of 1st period - Deflect By Drake Caggiula.
5:13 of 1st period - Stopped by Michael Houser without a rebound.
5:14 of 1st period - Drake Caggiula wins face-off versus Daniel O'regan in Little Stars zone.
5:25 of 1st period - Slapshot by Drake Caggiula.
5:25 of 1st period - Stopped by Michael Houser with a rebound.
5:58 of 1st period - Snap shot by Drake Caggiula.
5:58 of 1st period - Shot Misses the Net.
6:02 of 1st period - Snap shot by Joseph Blandisi.
6:02 of 1st period - Deflect By Drake Caggiula.
6:02 of 1st period - Shot Misses the Net.
6:02 of 1st period - Puck is out of play.
6:03 of 1st period - Daniel O'regan wins face-off versus Nick Cousins in Little Stars zone.
6:12 of 1st period - Snap shot by Nick Cousins.
6:12 of 1st period - Stopped by Michael Houser with a rebound.
6:33 of 1st period - Snap shot by Matt Luff.
6:33 of 1st period - Shot Hit the Post.
7:25 of 1st period - Icing by Ville Pokka.
7:26 of 1st period - Drake Caggiula wins face-off versus Daniel O'regan in Little Stars zone.
8:01 of 1st period - Wrist shot by Ilya Mikheyev.
8:01 of 1st period - Stopped by Antoine Bibeau without a rebound.
8:02 of 1st period - Jonathan Marchessault wins face-off versus Henrik Borgstrom in Eagles zone.
8:40 of 1st period - Jonathan Racine is hit by Anton Cederholm and loses puck.
8:57 of 1st period - Snap shot by Jason Dickinson.
8:57 of 1st period - Shot Misses the Net.
8:59 of 1st period - Snap shot by Matt Luff.
8:59 of 1st period - Shot Blocked by John Ramage.
9:13 of 1st period - Daniel O'regan is hit by Joseph Blandisi and loses puck.
9:26 of 1st period - Snap shot by Joseph Blandisi.
9:26 of 1st period - Stopped by Michael Houser with a rebound.
9:56 of 1st period - Ville Pokka is hit by Jarred Tinordi and loses puck.
10:24 of 1st period - Drake Caggiula is hit by Jason Dickinson and loses puck.
10:43 of 1st period - Slapshot by Sam Steel.
10:43 of 1st period - Stopped by Michael Houser with a rebound.
10:45 of 1st period - Snap shot by Sam Steel.
10:45 of 1st period - Stopped by Michael Houser with a rebound.
10:47 of 1st period - Snap shot by Sam Steel.
10:47 of 1st period - Deflect By Michael Carcone.
10:47 of 1st period - Stopped by Michael Houser without a rebound.
10:48 of 1st period - Henrik Borgstrom wins face-off versus Jonathan Marchessault in Little Stars zone.
11:14 of 1st period - John Ramage is hit by Eric Knodel and loses puck.
11:49 of 1st period - Snap shot by Joseph Blandisi.
11:49 of 1st period - Shot Misses the Net.
11:53 of 1st period - Snap shot by Matteson Iacopelli.
11:53 of 1st period - Shot Misses the Net.
11:55 of 1st period - Slapshot by Jarred Tinordi.
11:55 of 1st period - Deflect By Drake Caggiula.
11:55 of 1st period - Deflect By Ville Pokka.
11:55 of 1st period - Shot Blocked by Tucker Poolman.
11:55 of 1st period - Puck is out of play.
11:56 of 1st period - Ilya Mikheyev wins face-off versus Jonathan Marchessault in Little Stars zone.
11:56 of 1st period - Ilya Mikheyev is hit by Anthony Duclair.
12:10 of 1st period - Snap shot by Daniel O'regan.
12:10 of 1st period - Shot Blocked by Jonathan Marchessault.
12:52 of 1st period - Slapshot by Michael Carcone.
12:52 of 1st period - Shot Misses the Net.
12:58 of 1st period - Jared McCann is hit by Anton Cederholm.
13:07 of 1st period - Snap shot by Jason Dickinson.
13:07 of 1st period - Shot Blocked by John Ramage.
13:27 of 1st period - Connor Carrick is hit by Jordan LaVallee and loses puck.
14:06 of 1st period - Minor Penalty to Tucker Poolman for Hooking.
14:07 of 1st period - Jonathan Marchessault wins face-off versus Jordan LaVallee in Little Stars zone.
14:10 of 1st period - Snap shot by Jonathan Marchessault.
14:10 of 1st period - Stopped by Michael Houser without a rebound.
14:11 of 1st period - Jonathan Marchessault wins face-off versus Jordan LaVallee in Little Stars zone.
14:24 of 1st period - Slapshot by Nick Cousins.
14:24 of 1st period - Shot Blocked by Ville Pokka.
14:26 of 1st period - Snap shot by Anthony Duclair.
14:26 of 1st period - Shot Blocked by Ville Pokka.
15:56 of 1st period - Snap shot by Emile Poirier.
15:56 of 1st period - Shot Misses the Net.
16:06 of 1st period - Penalty to Tucker Poolman is over, Tucker Poolman is back on ice.
16:08 of 1st period - Anthony Duclair is hit by Ilya Mikheyev and loses puck.
16:33 of 1st period - Snap shot by Matt Luff.
16:33 of 1st period - Shot Blocked by John Ramage.
16:43 of 1st period - Jonathan Racine is hit by Roman Horak.
16:58 of 1st period - Tucker Poolman is hit by Drake Caggiula and loses puck.
17:19 of 1st period - Connor Mackey is hit by Michael Carcone and loses puck.
17:44 of 1st period - Minor Penalty to Matt Luff for Hooking.
17:45 of 1st period - Jonathan Marchessault wins face-off versus Jordan LaVallee in Little Stars zone.
19:44 of 1st period - Penalty to Matt Luff is over, Matt Luff is back on ice.
19:56 of 1st period - Joakim Nygard is hit by Jonathan Racine.
Goals for this period are 0 for Eagles vs 0 for Little Stars.
Shots for this period are 10 for Eagles vs 4 for Little Stars.

2nd period


0:01 of 2nd period - Daniel O'regan wins face-off versus Jonathan Marchessault in neutral zone.
0:10 of 2nd period - Slapshot by Daniel O'regan.
0:10 of 2nd period - Shot Misses the Net.
0:26 of 2nd period - Connor Carrick is hit by Henrik Borgstrom and loses puck.
0:33 of 2nd period - Wrist shot by Alex Belzile.
0:33 of 2nd period - Shot Misses the Net.
0:39 of 2nd period - Wrist shot by Adam Tambellini.
0:39 of 2nd period - Deflect By Henrik Borgstrom.
0:39 of 2nd period - Stopped by Antoine Bibeau without a rebound.
0:40 of 2nd period - Jason Dickinson wins face-off versus Jonathan Marchessault in Eagles zone.
0:47 of 2nd period - Snap shot by Joakim Nygard.
0:47 of 2nd period - Stopped by Antoine Bibeau with a rebound.
0:49 of 2nd period - Wrist shot by Jason Dickinson.
0:49 of 2nd period - Shot Blocked by Nick Cousins.
1:05 of 2nd period - Wrist shot by Ilya Mikheyev.
1:05 of 2nd period - Stopped by Antoine Bibeau with a rebound.
1:42 of 2nd period - Icing by Connor Carrick.
1:43 of 2nd period - Zach Aston-Reese wins face-off versus Michael Mersch in Eagles zone.
2:16 of 2nd period - Snap shot by Daniel O'regan.
2:16 of 2nd period - Shot Misses the Net.
2:18 of 2nd period - Wrist shot by Ilya Mikheyev.
2:18 of 2nd period - Shot Blocked by Keaton Middleton.
2:20 of 2nd period - Snap shot by Daniel O'regan.
2:20 of 2nd period - Shot Misses the Net.
2:22 of 2nd period - Snap shot by Jordan LaVallee.
2:22 of 2nd period - Shot Misses the Net.
2:34 of 2nd period - Eric Knodel is hit by Zach Aston-Reese and loses puck.
3:00 of 2nd period - Snap shot by Jason Dickinson.
3:00 of 2nd period - Shot Misses the Net.
3:18 of 2nd period - Snap shot by Jonathan Marchessault.
3:18 of 2nd period - Shot Misses the Net.
3:38 of 2nd period - Snap shot by Joseph Blandisi.
3:38 of 2nd period - Deflect By Matteson Iacopelli.
3:38 of 2nd period - Stopped by Michael Houser with a rebound.
3:41 of 2nd period - Icing by Ville Pokka.
3:42 of 2nd period - Daniel O'regan wins face-off versus Matteson Iacopelli in Little Stars zone.
3:55 of 2nd period - Drake Caggiula is hit by Tucker Poolman and loses puck.
4:13 of 2nd period - Minor Penalty to Connor Carrick for Hooking.
4:14 of 2nd period - Henrik Borgstrom wins face-off versus Nick Cousins in Eagles zone.
4:22 of 2nd period - Slapshot by Adam Tambellini.
4:22 of 2nd period - Shot Blocked by Jarred Tinordi.
4:24 of 2nd period - Slapshot by Anton Cederholm.
4:24 of 2nd period - Stopped by Antoine Bibeau with a rebound.
6:00 of 2nd period - Drake Caggiula is hit by Eric Knodel and loses puck.
6:13 of 2nd period - Penalty to Connor Carrick is over, Connor Carrick is back on ice.
6:43 of 2nd period - Snap shot by Jason Dickinson.
6:43 of 2nd period - Stopped by Antoine Bibeau without a rebound.
6:44 of 2nd period - Roman Horak wins face-off versus Zach Aston-Reese in Eagles zone.
6:51 of 2nd period - Snap shot by Roman Horak.
6:51 of 2nd period - Stopped by Antoine Bibeau without a rebound.
6:52 of 2nd period - Zach Aston-Reese wins face-off versus Michael Mersch in Eagles zone.
7:05 of 2nd period - Slapshot by Tyler Motte.
7:05 of 2nd period - Shot Misses the Net.
7:24 of 2nd period - Snap shot by Anthony Duclair.
7:24 of 2nd period - Stopped by Michael Houser without a rebound.
7:25 of 2nd period - Jonathan Marchessault wins face-off versus Daniel O'regan in Little Stars zone.
7:36 of 2nd period - Snap shot by Daniel O'regan.
7:36 of 2nd period - Stopped by Antoine Bibeau with a rebound.
7:52 of 2nd period - Snap shot by Joseph Blandisi.
7:52 of 2nd period - Shot Misses the Net.
7:55 of 2nd period - Icing by Anton Cederholm.
7:56 of 2nd period - Henrik Borgstrom wins face-off versus Drake Caggiula in Little Stars zone.
8:04 of 2nd period - Off-side.
8:05 of 2nd period - Daniel O'regan wins face-off versus Jonathan Marchessault in neutral zone.
8:12 of 2nd period - Wrist shot by Anthony Duclair.
8:12 of 2nd period - Stopped by Michael Houser with a rebound.
8:40 of 2nd period - Off-side.
8:41 of 2nd period - Jonathan Marchessault wins face-off versus Henrik Borgstrom in neutral zone.
9:06 of 2nd period - Drake Caggiula is hit by Ville Pokka and loses puck.
9:15 of 2nd period - Snap shot by Drake Caggiula.
9:15 of 2nd period - Shot Blocked by Daniel O'regan.
10:11 of 2nd period - Snap shot by Nick Cousins.
10:11 of 2nd period - Shot Misses the Net.
10:21 of 2nd period - Slapshot by Eric Knodel.
10:21 of 2nd period - Shot Misses the Net.
10:33 of 2nd period - Connor Carrick is hit by Daniel O'regan.
10:34 of 2nd period - Icing by Connor Carrick.
10:35 of 2nd period - Drake Caggiula wins face-off versus Henrik Borgstrom in Eagles zone.
10:35 of 2nd period - Drake Caggiula is hit by Henrik Borgstrom.
10:59 of 2nd period - Slapshot by Joseph Blandisi.
10:59 of 2nd period - Deflect By Matteson Iacopelli.
10:59 of 2nd period - Shot Misses the Net.
10:59 of 2nd period - Puck is out of play.
11:00 of 2nd period - Jonathan Marchessault wins face-off versus Daniel O'regan in Little Stars zone.
11:05 of 2nd period - Snap shot by Anthony Duclair.
11:05 of 2nd period - Shot Blocked by Jordan LaVallee.
11:15 of 2nd period - Snap shot by Anthony Duclair.
11:15 of 2nd period - Stopped by Michael Houser with a rebound.
11:30 of 2nd period - Eric Knodel is hit by Tyler Motte and loses puck.
11:47 of 2nd period - Wrist shot by Sam Steel.
11:47 of 2nd period - Stopped by Michael Houser with a rebound.
11:49 of 2nd period - Slapshot by Jarred Tinordi.
11:49 of 2nd period - Shot Blocked by Eric Knodel.
11:51 of 2nd period - Slapshot by Jarred Tinordi.
11:51 of 2nd period - Stopped by Michael Houser with a rebound.
11:53 of 2nd period - Wrist shot by Michael Carcone.
11:53 of 2nd period - Shot Blocked by Anton Cederholm.
11:55 of 2nd period - Wrist shot by Jared McCann.
11:55 of 2nd period - Goal by Jared McCann - Eagles : 1 - Little Stars : 0.
11:56 of 2nd period - Daniel O'regan wins face-off versus Jonathan Marchessault in neutral zone.
12:41 of 2nd period - Slapshot by Pius Suter.
12:41 of 2nd period - Shot Misses the Net.
12:43 of 2nd period - Snap shot by Zach Aston-Reese.
12:43 of 2nd period - Stopped by Michael Houser with a rebound.
13:07 of 2nd period - Anton Cederholm is hit by Nick Cousins and loses puck.
13:30 of 2nd period - Snap shot by Joseph Blandisi.
13:30 of 2nd period - Stopped by Michael Houser without a rebound.
13:31 of 2nd period - Jonathan Marchessault wins face-off versus Henrik Borgstrom in Little Stars zone.
13:57 of 2nd period - Daniel O'regan is hit by Connor Carrick and loses puck.
14:53 of 2nd period - Minor Penalty to Jonathan Racine for Goalie Interference.
14:54 of 2nd period - Daniel O'regan wins face-off versus Jonathan Marchessault in Eagles zone.
15:42 of 2nd period - Keaton Middleton is hit by Daniel O'regan and loses puck.
16:29 of 2nd period - Eric Knodel is hit by John Ramage.
16:53 of 2nd period - Penalty to Jonathan Racine is over, Jonathan Racine is back on ice.
18:08 of 2nd period - Snap shot by Jarred Tinordi.
18:08 of 2nd period - Stopped by Michael Houser with a rebound.
18:10 of 2nd period - Snap shot by Zach Aston-Reese.
18:10 of 2nd period - Shot Blocked by Frederic Allard.
18:12 of 2nd period - Wrist shot by Tyler Motte.
18:12 of 2nd period - Shot Misses the Net.
18:52 of 2nd period - Wrist shot by Sam Steel.
18:52 of 2nd period - Stopped by Michael Houser with a rebound.
19:27 of 2nd period - Anthony Duclair is hit by Henrik Borgstrom.
19:44 of 2nd period - Ville Pokka is hit by Drake Caggiula.
Goals for this period are 1 for Eagles vs 0 for Little Stars.
Shots for this period are 11 for Eagles vs 7 for Little Stars.

3rd period


0:01 of 3rd period - Daniel O'regan wins face-off versus Jonathan Marchessault in neutral zone.
0:15 of 3rd period - Off-side.
0:16 of 3rd period - Drake Caggiula wins face-off versus Henrik Borgstrom in neutral zone.
0:31 of 3rd period - Slapshot by Connor Carrick.
0:31 of 3rd period - Shot Blocked by Anton Cederholm.
0:42 of 3rd period - Minor Penalty to Jonathan Marchessault for Hooking.
0:43 of 3rd period - Ilya Mikheyev wins face-off versus Nick Cousins in Eagles zone.
0:44 of 3rd period - Wrist shot by Jordan LaVallee.
0:44 of 3rd period - Shot Misses the Net.
0:50 of 3rd period - Eric Knodel is hit by Nick Cousins and loses puck.
0:55 of 3rd period - Snap shot by Nick Cousins.
0:55 of 3rd period - Shot Misses the Net.
0:57 of 3rd period - Snap shot by Zach Aston-Reese.
0:57 of 3rd period - Shot Misses the Net.
1:17 of 3rd period - Anthony Duclair is hit by Jordan LaVallee and loses puck.
1:30 of 3rd period - Snap shot by Ilya Mikheyev.
1:30 of 3rd period - Shot Blocked by John Ramage.
1:32 of 3rd period - Snap shot by Ilya Mikheyev.
1:32 of 3rd period - Shot Misses the Net.
2:38 of 3rd period - Snap shot by Henrik Borgstrom.
2:38 of 3rd period - Stopped by Antoine Bibeau without a rebound.
2:39 of 3rd period - Drake Caggiula wins face-off versus Henrik Borgstrom in Eagles zone.
2:42 of 3rd period - Penalty to Jonathan Marchessault is over, Jonathan Marchessault is back on ice.
2:54 of 3rd period - Wrist shot by Tyler Motte.
2:54 of 3rd period - Stopped by Michael Houser without a rebound.
2:55 of 3rd period - Drake Caggiula wins face-off versus Jason Dickinson in Little Stars zone.
3:07 of 3rd period - Minor Penalty to Matt Luff for Tripping.
3:08 of 3rd period - Jonathan Marchessault wins face-off versus Radel Fazleev in Little Stars zone.
4:20 of 3rd period - Anthony Duclair is hit by Ville Pokka and loses puck.
5:01 of 3rd period - Jonathan Marchessault is hit by Lawrence Pilut and loses puck.
5:07 of 3rd period - Penalty to Matt Luff is over, Matt Luff is back on ice.
5:22 of 3rd period - Snap shot by Jared McCann.
5:22 of 3rd period - Deflect By Roman Horak.
5:22 of 3rd period - Stopped by Michael Houser with a rebound.
5:24 of 3rd period - Wrist shot by Keaton Middleton.
5:24 of 3rd period - Stopped by Michael Houser without a rebound.
5:25 of 3rd period - Jared McCann wins face-off versus Jason Dickinson in Little Stars zone.
6:46 of 3rd period - Slapshot by Jared McCann.
6:46 of 3rd period - Shot Blocked by Connor Mackey.
7:00 of 3rd period - Wrist shot by Matteson Iacopelli.
7:00 of 3rd period - Stopped by Michael Houser with a rebound.
7:02 of 3rd period - Wrist shot by Matteson Iacopelli.
7:02 of 3rd period - Shot Misses the Net.
7:04 of 3rd period - Snap shot by Matteson Iacopelli.
7:04 of 3rd period - Stopped by Michael Houser with a rebound.
7:06 of 3rd period - Backhand shot by John Ramage.
7:06 of 3rd period - Stopped by Michael Houser without a rebound.
7:07 of 3rd period - Anthony Duclair wins face-off versus Henrik Borgstrom in Little Stars zone.
7:08 of 3rd period - Slapshot by Jonathan Marchessault.
7:08 of 3rd period - Stopped by Michael Houser without a rebound.
7:09 of 3rd period - Henrik Borgstrom wins face-off versus Jonathan Marchessault in Little Stars zone.
7:14 of 3rd period - Snap shot by Adam Tambellini.
7:14 of 3rd period - Stopped by Antoine Bibeau without a rebound.
7:15 of 3rd period - Jonathan Marchessault wins face-off versus Henrik Borgstrom in Eagles zone.
7:24 of 3rd period - Snap shot by Henrik Borgstrom.
7:24 of 3rd period - Shot Blocked by Jarred Tinordi.
7:26 of 3rd period - Slapshot by Eric Knodel.
7:26 of 3rd period - Stopped by Antoine Bibeau without a rebound.
7:27 of 3rd period - Daniel O'regan wins face-off versus Jonathan Marchessault in Eagles zone.
7:34 of 3rd period - Slapshot by Ilya Mikheyev.
7:34 of 3rd period - Shot Blocked by Jonathan Marchessault.
7:40 of 3rd period - Snap shot by Nick Cousins.
7:40 of 3rd period - Shot Misses the Net.
7:42 of 3rd period - Slapshot by Jarred Tinordi.
7:42 of 3rd period - Deflect By Nick Cousins.
7:42 of 3rd period - Shot Misses the Net.
7:42 of 3rd period - Puck is out of play.
7:43 of 3rd period - Drake Caggiula wins face-off versus Henrik Borgstrom in Little Stars zone.
8:14 of 3rd period - Slapshot by Connor Carrick.
8:14 of 3rd period - Stopped by Michael Houser without a rebound.
8:15 of 3rd period - Daniel O'regan wins face-off versus Jonathan Marchessault in Little Stars zone.
8:15 of 3rd period - Daniel O'regan is hit by Jonathan Marchessault.
8:45 of 3rd period - Snap shot by Tyler Motte.
8:45 of 3rd period - Stopped by Michael Houser without a rebound.
8:46 of 3rd period - Henrik Borgstrom wins face-off versus Zach Aston-Reese in Little Stars zone.
8:51 of 3rd period - Snap shot by Eric Knodel.
8:51 of 3rd period - Stopped by Antoine Bibeau without a rebound.
8:52 of 3rd period - Zach Aston-Reese wins face-off versus Alex Belzile in Eagles zone.
9:11 of 3rd period - Snap shot by Tyler Motte.
9:11 of 3rd period - Shot Blocked by Anton Cederholm.
9:13 of 3rd period - Slapshot by Tyler Motte.
9:13 of 3rd period - Stopped by Michael Houser without a rebound.
9:14 of 3rd period - Daniel O'regan wins face-off versus Jonathan Marchessault in Little Stars zone.
9:27 of 3rd period - Ville Pokka is hit by Anthony Duclair.
9:41 of 3rd period - John Ramage is hit by Tucker Poolman and loses puck.
10:06 of 3rd period - Wrist shot by Tyler Motte.
10:06 of 3rd period - Shot Misses the Net.
10:08 of 3rd period - Snap shot by Pius Suter.
10:08 of 3rd period - Stopped by Michael Houser without a rebound.
10:09 of 3rd period - Zach Aston-Reese wins face-off versus Daniel O'regan in Little Stars zone.
10:12 of 3rd period - Snap shot by Zach Aston-Reese.
10:12 of 3rd period - Shot Blocked by Ville Pokka.
10:22 of 3rd period - Slapshot by Zach Aston-Reese.
10:22 of 3rd period - Deflect By Pius Suter.
10:22 of 3rd period - Stopped by Michael Houser with a rebound.
10:26 of 3rd period - Snap shot by Zach Aston-Reese.
10:26 of 3rd period - Shot Blocked by Daniel O'regan.
10:28 of 3rd period - Wrist shot by Pius Suter.
10:28 of 3rd period - Deflect By Tyler Motte.
10:28 of 3rd period - Stopped by Michael Houser without a rebound.
10:29 of 3rd period - Jonathan Marchessault wins face-off versus Henrik Borgstrom in Little Stars zone.
11:19 of 3rd period - Slapshot by Tucker Poolman.
11:19 of 3rd period - Stopped by Antoine Bibeau without a rebound.
11:20 of 3rd period - Zach Aston-Reese wins face-off versus Roman Horak in Eagles zone.
11:25 of 3rd period - Backhand shot by Connor Carrick.
11:25 of 3rd period - Stopped by Michael Houser with a rebound.
11:45 of 3rd period - Roman Horak is hit by Tyler Motte and loses puck.
11:54 of 3rd period - Wrist shot by Roman Horak.
11:54 of 3rd period - Goal by Roman Horak - Eagles : 1 - Little Stars : 1.
11:55 of 3rd period - Daniel O'regan wins face-off versus Jonathan Marchessault in neutral zone.
12:10 of 3rd period - Wrist shot by Ilya Mikheyev.
12:10 of 3rd period - Stopped by Antoine Bibeau with a rebound.
12:12 of 3rd period - Slapshot by Daniel O'regan.
12:12 of 3rd period - Shot Misses the Net.
12:26 of 3rd period - Henrik Borgstrom is hit by Jarred Tinordi and loses puck.
13:10 of 3rd period - Snap shot by Ilya Mikheyev.
13:10 of 3rd period - Stopped by Antoine Bibeau without a rebound.
13:11 of 3rd period - Daniel O'regan wins face-off versus Jonathan Marchessault in Eagles zone.
13:18 of 3rd period - Backhand shot by Daniel O'regan.
13:18 of 3rd period - Deflect By Ilya Mikheyev.
13:18 of 3rd period - Shot Misses the Net.
13:18 of 3rd period - Puck is out of play.
13:19 of 3rd period - Daniel O'regan wins face-off versus Jonathan Marchessault in Eagles zone.
13:20 of 3rd period - Slapshot by Jordan LaVallee.
13:20 of 3rd period - Stopped by Antoine Bibeau without a rebound.
13:21 of 3rd period - Jonathan Marchessault wins face-off versus Daniel O'regan in Eagles zone.
13:21 of 3rd period - Jonathan Marchessault is hit by Jordan LaVallee.
13:36 of 3rd period - Jonathan Marchessault is hit by Daniel O'regan and loses puck.
14:11 of 3rd period - Wrist shot by Jason Dickinson.
14:11 of 3rd period - Stopped by Antoine Bibeau with a rebound.
14:13 of 3rd period - Wrist shot by Jason Dickinson.
14:13 of 3rd period - Deflect By Joakim Nygard.
14:13 of 3rd period - Shot Misses the Net.
14:13 of 3rd period - Puck is out of play.
14:14 of 3rd period - Jason Dickinson wins face-off versus Jonathan Marchessault in Eagles zone.
14:39 of 3rd period - Matteson Iacopelli is hit by Daniel O'regan and loses puck.
14:46 of 3rd period - Snap shot by Ilya Mikheyev.
14:46 of 3rd period - Stopped by Antoine Bibeau without a rebound.
14:47 of 3rd period - Jonathan Marchessault wins face-off versus Daniel O'regan in Eagles zone.
15:06 of 3rd period - Frederic Allard is hit by Jonathan Racine.
15:27 of 3rd period - Wrist shot by Jason Dickinson.
15:27 of 3rd period - Deflect By Joakim Nygard.
15:27 of 3rd period - Shot Misses the Net.
15:27 of 3rd period - Puck is out of play.
15:28 of 3rd period - Jonathan Marchessault wins face-off versus Henrik Borgstrom in Eagles zone.
15:44 of 3rd period - Wrist shot by Henrik Borgstrom.
15:44 of 3rd period - Stopped by Antoine Bibeau with a rebound.
15:46 of 3rd period - Minor Penalty to Max Lajoie for Interference.
15:47 of 3rd period - Daniel O'regan wins face-off versus Nick Cousins in Eagles zone.
15:48 of 3rd period - Snap shot by Ilya Mikheyev.
15:48 of 3rd period - Stopped by Antoine Bibeau with a rebound.
15:50 of 3rd period - Slapshot by Eric Knodel.
15:50 of 3rd period - Shot Misses the Net.
15:52 of 3rd period - Snap shot by Jordan LaVallee.
15:52 of 3rd period - Stopped by Antoine Bibeau without a rebound.
15:53 of 3rd period - Daniel O'regan wins face-off versus Nick Cousins in Eagles zone.
16:02 of 3rd period - Snap shot by Ilya Mikheyev.
16:02 of 3rd period - Shot Misses the Net.
16:04 of 3rd period - Slapshot by Ilya Mikheyev.
16:04 of 3rd period - Stopped by Antoine Bibeau without a rebound.
16:05 of 3rd period - Nick Cousins wins face-off versus Daniel O'regan in Eagles zone.
17:22 of 3rd period - Icing by Tucker Poolman.
17:23 of 3rd period - Daniel O'regan wins face-off versus Zach Aston-Reese in Little Stars zone.
17:46 of 3rd period - Penalty to Max Lajoie is over, Max Lajoie is back on ice.
17:52 of 3rd period - Slapshot by John Ramage.
17:52 of 3rd period - Stopped by Michael Houser with a rebound.
18:28 of 3rd period - Snap shot by Ilya Mikheyev.
18:28 of 3rd period - Stopped by Antoine Bibeau with a rebound.
18:30 of 3rd period - Snap shot by Ilya Mikheyev.
18:30 of 3rd period - Shot Blocked by Max Lajoie.
18:42 of 3rd period - Slapshot by Anthony Duclair.
18:42 of 3rd period - Stopped by Michael Houser without a rebound.
18:43 of 3rd period - Nick Cousins wins face-off versus Henrik Borgstrom in Little Stars zone.
18:50 of 3rd period - Snap shot by Anthony Duclair.
18:50 of 3rd period - Stopped by Michael Houser with a rebound.
19:06 of 3rd period - Jason Dickinson is hit by Zach Aston-Reese and loses puck.
19:52 of 3rd period - Icing by Adam Tambellini.
19:53 of 3rd period - Henrik Borgstrom wins face-off versus Pius Suter in Little Stars zone.
Goals for this period are 0 for Eagles vs 1 for Little Stars.
Shots for this period are 17 for Eagles vs 16 for Little Stars.

Overtime #1


0:01 of 1st overtime period - Nick Cousins wins face-off versus Jordan LaVallee in neutral zone.
0:10 of 1st overtime period - Wrist shot by Jonathan Marchessault.
0:10 of 1st overtime period - Shot Blocked by Anton Cederholm.
0:27 of 1st overtime period - Icing by Ilya Mikheyev.
0:28 of 1st overtime period - Nick Cousins wins face-off versus Jordan LaVallee in Little Stars zone.
0:57 of 1st overtime period - Slapshot by Ville Pokka.
0:57 of 1st overtime period - Stopped by Antoine Bibeau without a rebound.
0:58 of 1st overtime period - Pius Suter wins face-off versus Adam Tambellini in Eagles zone.
1:27 of 1st overtime period - Wrist shot by Sam Steel.
1:27 of 1st overtime period - Shot Misses the Net.
1:29 of 1st overtime period - Wrist shot by Sam Steel.
1:29 of 1st overtime period - Shot Misses the Net.
1:31 of 1st overtime period - Slapshot by Jonathan Racine.
1:31 of 1st overtime period - Deflect By Pius Suter.
1:31 of 1st overtime period - Stopped by Michael Houser with a rebound.
1:35 of 1st overtime period - Wrist shot by Sam Steel.
1:35 of 1st overtime period - Shot Misses the Net.
1:37 of 1st overtime period - Wrist shot by John Ramage.
1:37 of 1st overtime period - Shot Misses the Net.
1:53 of 1st overtime period - Slapshot by Connor Carrick.
1:53 of 1st overtime period - Stopped by Michael Houser without a rebound.
1:54 of 1st overtime period - Jonathan Marchessault wins face-off versus Jordan LaVallee in Little Stars zone.
1:55 of 1st overtime period - Snap shot by Nick Cousins.
1:55 of 1st overtime period - Shot Misses the Net.
2:04 of 1st overtime period - Snap shot by Nick Cousins.
2:04 of 1st overtime period - Shot Misses the Net.
2:06 of 1st overtime period - Wrist shot by Jonathan Marchessault.
2:06 of 1st overtime period - Shot Misses the Net.
3:08 of 1st overtime period - Anton Cederholm is hit by Drake Caggiula and loses puck.
4:22 of 1st overtime period - Icing by Jonathan Racine.
4:23 of 1st overtime period - Drake Caggiula wins face-off versus Emile Poirier in Eagles zone.
4:28 of 1st overtime period - Tucker Poolman is hit by Drake Caggiula and loses puck.
4:46 of 1st overtime period - Icing by Jordan LaVallee.
4:47 of 1st overtime period - Nick Cousins wins face-off versus Jordan LaVallee in Little Stars zone.
Goals for this period are 0 for Eagles vs 0 for Little Stars.
Shots for this period are 2 for Eagles vs 1 for Little Stars.

ShootOut


5:00 of 1st overtime period - Round #1.
5:00 of 1st overtime period - Eagles, Nick Cousins.
5:00 of 1st overtime period - Backhand shot by Nick Cousins.
5:00 of 1st overtime period - Goal by Nick Cousins.
5:00 of 1st overtime period - Little Stars, Jordan LaVallee.
5:00 of 1st overtime period - Snap shot by Jordan LaVallee.
5:00 of 1st overtime period - Stopped by Antoine Bibeau.
5:00 of 1st overtime period - Round #2.
5:00 of 1st overtime period - Eagles, Jonathan Marchessault.
5:00 of 1st overtime period - Deke by Jonathan Marchessault.
5:00 of 1st overtime period - Stopped by Michael Houser.
5:00 of 1st overtime period - Little Stars, Ilya Mikheyev.
5:00 of 1st overtime period - Snap shot by Ilya Mikheyev.
5:00 of 1st overtime period - Shot Misses the Net.
5:00 of 1st overtime period - Round #3.
5:00 of 1st overtime period - Eagles, Drake Caggiula.
5:00 of 1st overtime period - Deke by Drake Caggiula.
5:00 of 1st overtime period - Goal by Drake Caggiula.